Sharks vs Red Wings
Created - May 4, 2019 at 19:00
Goals
|
Sharks |
1 |
0 |
1 |
2 |
Red Wings |
1 |
2 |
0 |
3 |
|
Shots
|
Sharks |
8 |
13 |
11 |
32 |
Red Wings |
18 |
8 |
3 |
29 |
|
1st period
1. Sharks , Jiri Tlusty 10 (Drew Doughty 65, Darren Helm 8) at 2:13
2. Red Wings , Tim Connolly 35 (Lubomir Visnovsky 12) at 8:28
Penalties :
Oskar Osala (SJS) for Holding (Minor) at 11:29, Alex Picard (Det) for Holding Stick (Minor) at 18:09
2nd period
3. Red Wings , Ole-Kristian Tollefsen 6 (Adam Henrique 50, Alex Picard 16) at 10:44 (PP)
4. Red Wings , Sean Bergenheim 28 (Tim Connolly 39) at 18:36 (PP)
Penalties :
Jason Spezza (SJS) for Tripping (Minor) at 10:38, Sean Bergenheim (Det) for Holding (Minor) at 13:08, Darren Helm (SJS) for Hooking (Minor) at 18:34
3rd period
5. Sharks , Maxim Afinogenov 35 (Jason Spezza 64) at 16:31 (PP)
Penalties :
Adam Larsson (SJS) for Holding Stick (Minor) at 4:38, Zach Boychuk (SJS) for Holding (Minor) at 10:02, Jiri Hudler (Det) for High sticking (Minor) at 16:28, Chris Kelly (Det) for Hooking (Minor) at 18:29
Goalie Stats
Ryan Miller (SJS), 26 saves from 29 shots - (0.897), L, 28-27-6, 58:46 minutes
James Reimer (Det), 30 saves from 32 shots - (0.938), W, 22-14-7, 60:00 minutes
Players Stats for Sharks
Player Name G A P +/- PIM S H SB GA TA FO MP PP MP PK MP
------------------------------------------------------------------------------------
Adam Larsson 0 0 0 0 2 1 0 3 0 1 0/0 13:23 0:00 0:14
Andrej Sekera 0 0 0 -1 0 2 0 1 1 1 0/0 20:31 2:31 3:16
Andrew MacDonald 0 0 0 0 0 1 0 2 1 1 0/0 13:10 0:00 0:00
Ben Lovejoy 0 0 0 1 0 1 1 0 0 4 0/0 26:10 3:00 2:35
Bobby Butler 0 0 0 -1 0 0 0 0 1 0 0/0 14:52 2:24 0:00
Darren Helm 0 1 1 1 2 1 0 0 0 0 2/4 12:40 0:00 0:26
Drew Doughty 0 1 1 1 0 4 0 2 2 3 0/0 26:23 3:00 3:30
Jason Spezza 0 1 1 0 2 3 1 0 0 0 15/31 21:41 3:04 3:05
Jiri Tlusty 1 0 1 1 0 2 0 0 0 1 0/0 14:14 1:53 0:00
Jordan LaVallee 0 0 0 0 0 1 0 1 0 0 0/0 9:04 0:00 1:04
Maxim Afinogenov 1 0 1 0 0 5 1 0 0 0 3/4 18:17 3:04 0:00
Milan Michalek 0 0 0 0 0 4 2 0 0 0 1/3 21:48 3:04 3:11
Nate Prosser 0 0 0 -1 0 0 0 1 0 2 0/0 20:27 2:31 2:35
Oskar Osala 0 0 0 -1 2 3 2 0 0 0 0/0 14:36 0:26 1:25
Rob Schremp 0 0 0 0 0 0 2 0 2 0 1/4 8:14 0:11 0:00
Stefan Ruzicka 0 0 0 0 0 1 0 0 0 1 0/1 8:50 0:03 1:03
T.J. Hensick 0 0 0 -1 0 2 1 0 0 0 8/12 16:53 2:24 1:56
Zach Boychuk 0 0 0 1 2 1 2 0 0 0 0/0 12:37 0:00 0:00
Players Stats for Red Wings
Player Name G A P +/- PIM S H SB GA TA FO MP PP MP PK MP
------------------------------------------------------------------------------------
Adam Henrique 0 1 1 0 0 5 0 1 0 0 0/0 19:38 2:53 1:19
Ales Hemsky 0 0 0 0 0 0 1 0 1 0 1/1 8:15 0:52 0:19
Alex Picard 0 1 1 -1 2 1 0 1 2 0 1/1 18:39 1:47 0:51
Anton Volchenkov 0 0 0 0 0 0 0 0 4 0 0/0 19:28 3:06 2:48
Brent Seabrook 0 0 0 0 0 2 1 0 1 1 0/0 24:37 2:59 2:33
Carson Mcmillan 0 0 0 -1 0 2 0 1 1 0 0/1 12:22 0:00 0:00
Chris Kelly 0 0 0 -1 2 2 0 1 1 0 1/3 15:04 0:26 0:03
Jiri Fischer 0 0 0 0 0 0 0 0 0 0 0/0 4:16 0:00 0:10
Jiri Hudler 0 0 0 1 2 1 2 0 0 1 1/3 17:37 3:06 0:00
Lubomir Visnovsky 0 1 1 0 0 1 1 1 0 0 0/0 11:56 0:00 0:00
Oleg Saprykin 0 0 0 0 0 1 1 0 0 0 0/0 10:28 0:00 1:52
Ole-Kristian Tollefsen 1 0 1 0 0 4 0 2 3 1 0/0 28:29 2:59 2:33
Philip Samuelsson 0 0 0 0 0 0 0 1 0 0 0/0 12:06 0:00 0:10
Ryan O'Byrne 0 0 0 0 0 1 1 1 0 2 0/0 19:25 3:06 2:48
Sean Bergenheim 1 0 1 1 2 3 3 0 0 2 0/1 19:59 3:06 2:09
Tim Connolly 1 1 2 1 0 4 1 0 1 0 17/35 25:06 3:06 3:10
Tyler Seguin 0 0 0 0 0 1 0 1 0 0 7/13 19:39 2:47 1:19
Tyler Toffoli 0 0 0 0 0 1 1 0 0 0 1/1 7:21 0:12 0:00
3 Stars
1 - Tim Connolly (Det)
2 - Sean Bergenheim (Det)
3 - James Reimer (Det)
Power Play
Sharks - 1 on 4 Attempt(s) - 25.00%
Red Wings - 2 on 5 Attempt(s) - 40.00%
Penalty Kill
Sharks - 3 on 5 Attempt(s) - 60.00%
- Score 0 goal in Penalty Kill
Red Wings - 3 on 4 Attempt(s) - 75.00%
- Score 0 goal in Penalty Kill
Team Stat
Sharks - Hits : 12 - Faceoff Wins : 30 - Blocked Shots : 10 - Penalty Minutes : 10
Red Wings - Hits : 12 - Faceoff Wins : 29 - Blocked Shots : 10 - Penalty Minutes : 8
Official
Referees : Unknown
Linesman : Unknown
Game Notes
Ales Hemsky is injured at 4:42 of 2nd period (Abdomen/Ribs)
Finance
Level 1 -- Attendance: 5452 (90.87%) -- Ticket Income $474,324
Level 2 -- Attendance: 4682 (93.64%) -- Ticket Income $262,192
Level 3 -- Attendance: 1647 (82.35%) -- Ticket Income $62,586
Level 4 -- Attendance: 2967 (74.18%) -- Ticket Income $83,076
Luxury Box -- Attendance: 1000 (100.00%) -- Ticket Income $165,000
Game was played at the Joe Louis Arena.
Total Attendance: 15748 (87.49%)
Total Ticket Income: $1,047,178
Other Income: $157,077
Total Income: $1,204,255
Sharks
5 vs 5 Forward
Center Left Wing Right Wing Time % Phy DF OF
1 Jason Spezza Milan Michalek Maxim Afinogenov 40 1 1 3
2 T.J. Hensick Bobby Butler Oskar Osala 30 1 2 2
3 Darren Helm Zach Boychuk Jiri Tlusty 20 1 2 2
4 Rob Schremp Jordan LaVallee Stefan Ruzicka 10 1 2 2
5 vs 5 Defense
Defense Defense Time % Phy DF OF
1 Drew Doughty Ben Lovejoy 40 1 2 2
2 Andrej Sekera Nate Prosser 30 1 2 2
3 Andrew MacDonald Adam Larsson 20 1 2 2
4 Drew Doughty Ben Lovejoy 10 1 2 2
PowerPlay Forward
Center Left Wing Right Wing Time % Phy DF OF
1 Jason Spezza Milan Michalek Maxim Afinogenov 60 1 1 3
2 T.J. Hensick Bobby Butler Jiri Tlusty 40 1 1 3
PowerPlay Defense
Defense Defense Time % Phy DF OF
1 Drew Doughty Ben Lovejoy 60 1 2 2
2 Andrej Sekera Nate Prosser 40 1 2 2
Penalty Kill 4 Players Forward
Center Wing Time % Phy DF OF
1 Jason Spezza Milan Michalek 60 1 4 0
2 T.J. Hensick Oskar Osala 40 1 4 0
Penalty Kill 4 Players Defense
Defense Defense Time % Phy DF OF
1 Drew Doughty Andrej Sekera 60 1 4 0
2 Ben Lovejoy Nate Prosser 40 1 4 0
Penalty Kill - 3 Players Forward
Forward Time % Phy DF OF
1 Rob Schremp 60 1 4 0
2 Milan Michalek 40 1 4 0
Penalty Kill - 3 Players Defense
Defense Defense Time % Phy DF OF
1 Drew Doughty Andrej Sekera 60 1 4 0
2 Ben Lovejoy Nate Prosser 40 1 4 0
4 vs 4 Forward
Center Wing Time % Phy DF OF
1 Jason Spezza Milan Michalek 60 1 2 2
2 Maxim Afinogenov T.J. Hensick 40 1 2 2
4 vs 4 Defense
Defense Defense Time % Phy DF OF
1 Drew Doughty Andrej Sekera 60 1 2 2
2 Ben Lovejoy Andrew MacDonald 40 1 2 2
Last Minutes Offensive
Center Left Wing Right Wing Defense Defense
Jason Spezza Milan Michalek Maxim Afinogenov Drew Doughty Ben Lovejoy
Last Minutes Defensive
Center Left Wing Right Wing Defense Defense
Jason Spezza Milan Michalek Maxim Afinogenov Drew Doughty Andrej Sekera
Goaltenders
Starting : Ryan Miller
Backup : Brent Krahn
Extra Forwards
Normal : Darren Helm, Rob Schremp, Stefan Ruzicka - PP : Oskar Osala, Rob Schremp - PK : Stefan Ruzicka
Extra Defensemen
Normal : Andrew MacDonald, Adam Larsson, Nate Prosser - PP : Andrew MacDonald - PK : Adam Larsson, Andrew MacDonald
Penalty Shots
Jason Spezza, Rob Schremp, Oskar Osala, Milan Michalek, T.J. Hensick
Scratches
Mark Giordano (Healthy), Maxim Kondratiev (Healthy), Nikolai Kulemin (Healthy), Brendon Nash (Healthy)
Red Wings
5 vs 5 Forward
Center Left Wing Right Wing Time % Phy DF OF
1 Tim Connolly Sean Bergenheim Jiri Hudler 40 1 2 2
2 Tyler Seguin Adam Henrique Ales Hemsky 30 1 2 2
3 Chris Kelly Alex Picard Carson Mcmillan 20 1 2 2
4 Tim Connolly Oleg Saprykin Tyler Toffoli 10 1 2 2
5 vs 5 Defense
Defense Defense Time % Phy DF OF
1 Ole-Kristian Tollefsen Brent Seabrook 40 1 2 2
2 Anton Volchenkov Ryan O'Byrne 30 1 2 2
3 Lubomir Visnovsky Philip Samuelsson 20 1 2 2
4 Jiri Fischer Ole-Kristian Tollefsen 10 1 2 2
PowerPlay Forward
Center Left Wing Right Wing Time % Phy DF OF
1 Tim Connolly Sean Bergenheim Jiri Hudler 60 1 2 2
2 Tyler Seguin Adam Henrique Ales Hemsky 40 1 2 2
PowerPlay Defense
Defense Defense Time % Phy DF OF
1 Ole-Kristian Tollefsen Brent Seabrook 60 1 2 2
2 Anton Volchenkov Ryan O'Byrne 40 1 2 2
Penalty Kill 4 Players Forward
Center Wing Time % Phy DF OF
1 Tim Connolly Sean Bergenheim 60 1 2 2
2 Adam Henrique Tyler Seguin 40 1 2 2
Penalty Kill 4 Players Defense
Defense Defense Time % Phy DF OF
1 Ole-Kristian Tollefsen Brent Seabrook 60 1 2 2
2 Anton Volchenkov Ryan O'Byrne 40 1 2 2
Penalty Kill - 3 Players Forward
Forward Time % Phy DF OF
1 Tim Connolly 60 1 2 2
2 Sean Bergenheim 40 1 2 2
Penalty Kill - 3 Players Defense
Defense Defense Time % Phy DF OF
1 Ole-Kristian Tollefsen Brent Seabrook 60 1 2 2
2 Anton Volchenkov Ryan O'Byrne 40 1 2 2
4 vs 4 Forward
Center Wing Time % Phy DF OF
1 Tim Connolly Sean Bergenheim 60 1 2 2
2 Adam Henrique Tyler Seguin 40 1 2 2
4 vs 4 Defense
Defense Defense Time % Phy DF OF
1 Ole-Kristian Tollefsen Brent Seabrook 60 1 2 2
2 Anton Volchenkov Ryan O'Byrne 40 1 2 2
Last Minutes Offensive
Center Left Wing Right Wing Defense Defense
Tim Connolly Sean Bergenheim Jiri Hudler Ole-Kristian Tollefsen Brent Seabrook
Last Minutes Defensive
Center Left Wing Right Wing Defense Defense
Tim Connolly Sean Bergenheim Jiri Hudler Ole-Kristian Tollefsen Brent Seabrook
Goaltenders
Starting : James Reimer
Backup : Josh Harding
Extra Forwards
Normal : Alex Picard, Chris Kelly, Oleg Saprykin - PP : Alex Picard, Chris Kelly - PK : Oleg Saprykin
Extra Defensemen
Normal : Lubomir Visnovsky, Philip Samuelsson, Jiri Fischer - PP : Lubomir Visnovsky - PK : Philip Samuelsson, Jiri Fischer
Penalty Shots
Tim Connolly, Sean Bergenheim, Adam Henrique, Tyler Seguin, Alex Picard
Scratches
Michael Haley (Healthy), Shawn Horcoff (Healthy)
% Time on Ice - Sharks
Lines # - Real PCT - Wanted PCT - Time Play
Normal Forward
1 - 33% - 40% - 15:49
2 - 26% - 30% - 12:33
3 - 25% - 20% - 12:18
4 - 16% - 10% - 7:44
Normal Defense
1 - 41% - 40% - 19:54
2 - 29% - 30% - 14:00
3 - 27% - 20% - 13:10
4 - 3% - 10% - 1:20
PP Forward
1 - 56% - 60% - 3:04
2 - 44% - 40% - 2:27
PP Defense
1 - 54% - 60% - 3:00
2 - 46% - 40% - 2:31
PK Forward
1 - 68% - 60% - 4:09
2 - 32% - 40% - 1:56
PK Defense
1 - 58% - 60% - 3:30
2 - 42% - 40% - 2:35
PK3 Forward
1 - 0% - 60%
2 - 0% - 40%
PK3 Defense
1 - 0% - 60%
2 - 0% - 40%
44 Forward
1 - 0% - 60%
2 - 0% - 40%
44 Defense
1 - 0% - 60%
2 - 0% - 40%
Last Minute Offensive - 0:00
Last Minute Defensive - 0:00
Total
Forward - 60:00
Defense - 60:00
|
% Time on Ice - Red Wings
Lines # - Real PCT - Wanted PCT - Time Play
Normal Forward
1 - 31% - 40% - 14:58
2 - 32% - 30% - 15:20
3 - 26% - 20% - 12:22
4 - 12% - 10% - 5:44
Normal Defense
1 - 39% - 40% - 18:51
2 - 28% - 30% - 13:31
3 - 25% - 20% - 11:56
4 - 8% - 10% - 4:06
PP Forward
1 - 53% - 60% - 3:12
2 - 47% - 40% - 2:53
PP Defense
1 - 49% - 60% - 2:59
2 - 51% - 40% - 3:06
PK Forward
1 - 90% - 60% - 4:57
2 - 10% - 40% - 0:34
PK Defense
1 - 49% - 60% - 2:43
2 - 51% - 40% - 2:48
PK3 Forward
1 - 0% - 60%
2 - 0% - 40%
PK3 Defense
1 - 0% - 60%
2 - 0% - 40%
44 Forward
1 - 0% - 60%
2 - 0% - 40%
44 Defense
1 - 0% - 60%
2 - 0% - 40%
Last Minute Offensive - 0:00
Last Minute Defensive - 0:00
Total
Forward - 60:00
Defense - 60:00
|
Play-by-Play
1st period
0:01 of 1st period - Tim Connolly wins face-off versus Maxim Afinogenov in neutral zone.
0:04 of 1st period - Backhand shot by Tim Connolly.
0:04 of 1st period - Shot Misses the Net.
0:06 of 1st period - Wrist shot by Sean Bergenheim.
0:06 of 1st period - Deflect By Drew Doughty.
0:06 of 1st period - Shot Blocked by Drew Doughty.
0:06 of 1st period - Puck is out of play.
0:07 of 1st period - Maxim Afinogenov wins face-off versus Tim Connolly in Sharks zone.
0:12 of 1st period - Slapshot by Brent Seabrook.
0:12 of 1st period - Shot Misses the Net.
0:16 of 1st period - Wrist shot by Sean Bergenheim.
0:16 of 1st period - Shot Misses the Net.
0:18 of 1st period - Slapshot by Sean Bergenheim.
0:18 of 1st period - Stopped by Ryan Miller without a rebound.
0:19 of 1st period - T.J. Hensick wins face-off versus Tyler Seguin in Sharks zone.
1:12 of 1st period - Wrist shot by Tim Connolly.
1:12 of 1st period - Shot Misses the Net.
2:07 of 1st period - Slapshot by Chris Kelly.
2:07 of 1st period - Stopped by Ryan Miller without a rebound.
2:08 of 1st period - Darren Helm wins face-off versus Carson Mcmillan in Sharks zone.
2:13 of 1st period - Snap shot by Jiri Tlusty.
2:13 of 1st period - Goal by Jiri Tlusty - Sharks : 1 - Red Wings : 0.
2:14 of 1st period - Jiri Hudler wins face-off versus Jason Spezza in neutral zone.
2:23 of 1st period - Slapshot by Drew Doughty.
2:23 of 1st period - Shot Blocked by Philip Samuelsson.
2:25 of 1st period - Slapshot by Drew Doughty.
2:25 of 1st period - Stopped by James Reimer with a rebound.
2:27 of 1st period - Slapshot by Milan Michalek.
2:27 of 1st period - Shot Misses the Net.
2:39 of 1st period - Bobby Butler is hit by Lubomir Visnovsky and loses puck.
3:05 of 1st period - Snap shot by Alex Picard.
3:05 of 1st period - Shot Misses the Net.
3:07 of 1st period - Snap shot by Alex Picard.
3:07 of 1st period - Stopped by Ryan Miller with a rebound.
3:09 of 1st period - Slapshot by Lubomir Visnovsky.
3:09 of 1st period - Stopped by Ryan Miller with a rebound.
3:11 of 1st period - Snap shot by Carson Mcmillan.
3:11 of 1st period - Shot Misses the Net.
4:06 of 1st period - Wrist shot by Tim Connolly.
4:06 of 1st period - Stopped by Ryan Miller without a rebound.
4:07 of 1st period - Tyler Seguin wins face-off versus T.J. Hensick in Sharks zone.
4:08 of 1st period - Snap shot by Adam Henrique.
4:08 of 1st period - Shot Misses the Net.
4:12 of 1st period - Snap shot by Tyler Seguin.
4:12 of 1st period - Shot Blocked by Andrew MacDonald.
4:14 of 1st period - Slapshot by Adam Henrique.
4:14 of 1st period - Shot Misses the Net.
4:37 of 1st period - Snap shot by Alex Picard.
4:37 of 1st period - Deflect By Carson Mcmillan.
4:37 of 1st period - Stopped by Ryan Miller with a rebound.
4:48 of 1st period - Icing by Andrew MacDonald.
4:49 of 1st period - Tim Connolly wins face-off versus Jason Spezza in Sharks zone.
4:50 of 1st period - Snap shot by Tyler Toffoli.
4:50 of 1st period - Shot Misses the Net.
5:04 of 1st period - Slapshot by Milan Michalek.
5:04 of 1st period - Stopped by James Reimer with a rebound.
5:06 of 1st period - Wrist shot by Milan Michalek.
5:06 of 1st period - Stopped by James Reimer without a rebound.
5:07 of 1st period - Tim Connolly wins face-off versus Darren Helm in Red Wings zone.
5:07 of 1st period - Tim Connolly is hit by Zach Boychuk.
5:23 of 1st period - Wrist shot by Tim Connolly.
5:23 of 1st period - Stopped by Ryan Miller with a rebound.
6:37 of 1st period - Wrist shot by Jiri Tlusty.
6:37 of 1st period - Deflect By Darren Helm.
6:37 of 1st period - Stopped by James Reimer with a rebound.
7:07 of 1st period - Snap shot by Chris Kelly.
7:07 of 1st period - Stopped by Ryan Miller without a rebound.
7:08 of 1st period - Jason Spezza wins face-off versus Jiri Hudler in Sharks zone.
7:13 of 1st period - Wrist shot by Tim Connolly.
7:13 of 1st period - Shot Misses the Net.
7:23 of 1st period - Wrist shot by Jason Spezza.
7:23 of 1st period - Shot Misses the Net.
7:38 of 1st period - Snap shot by T.J. Hensick.
7:38 of 1st period - Shot Misses the Net.
7:40 of 1st period - Wrist shot by Andrew MacDonald.
7:40 of 1st period - Stopped by James Reimer without a rebound.
7:41 of 1st period - Tyler Seguin wins face-off versus Jason Spezza in Red Wings zone.
7:56 of 1st period - Snap shot by Tyler Seguin.
7:56 of 1st period - Shot Blocked by Adam Larsson.
8:10 of 1st period - Wrist shot by Tim Connolly.
8:10 of 1st period - Shot Blocked by Adam Larsson.
8:12 of 1st period - Slapshot by Ryan O'Byrne.
8:12 of 1st period - Stopped by Ryan Miller with a rebound.
8:14 of 1st period - Snap shot by Jiri Hudler.
8:14 of 1st period - Stopped by Ryan Miller without a rebound.
8:15 of 1st period - T.J. Hensick wins face-off versus Tim Connolly in Sharks zone.
8:28 of 1st period - Slapshot by Tim Connolly.
8:28 of 1st period - Goal by Tim Connolly - Sharks : 1 - Red Wings : 1.
8:29 of 1st period - Jason Spezza wins face-off versus Sean Bergenheim in neutral zone.
9:48 of 1st period - Snap shot by Tim Connolly.
9:48 of 1st period - Stopped by Ryan Miller without a rebound.
9:49 of 1st period - Rob Schremp wins face-off versus Tim Connolly in Sharks zone.
9:49 of 1st period - Rob Schremp is hit by Jiri Hudler.
10:11 of 1st period - Slapshot by Sean Bergenheim.
10:11 of 1st period - Deflect By Adam Larsson.
10:11 of 1st period - Shot Misses the Net.
10:11 of 1st period - Puck is out of play.
10:12 of 1st period - Ales Hemsky wins face-off versus Jason Spezza in Sharks zone.
10:15 of 1st period - Snap shot by Adam Henrique.
10:15 of 1st period - Stopped by Ryan Miller with a rebound.
10:23 of 1st period - Snap shot by Milan Michalek.
10:23 of 1st period - Shot Blocked by Lubomir Visnovsky.
10:43 of 1st period - Off-side.
10:44 of 1st period - Tim Connolly wins face-off versus Jason Spezza in neutral zone.
10:47 of 1st period - Slapshot by Tyler Toffoli.
10:47 of 1st period - Deflect By Oleg Saprykin.
10:47 of 1st period - Stopped by Ryan Miller with a rebound.
11:29 of 1st period - Minor Penalty to Oskar Osala for Holding.
11:30 of 1st period - Jason Spezza wins face-off versus Tim Connolly in Sharks zone.
11:47 of 1st period - Snap shot by Jiri Hudler.
11:47 of 1st period - Shot Blocked by Andrej Sekera.
13:29 of 1st period - Penalty to Oskar Osala is over, Oskar Osala is back on ice.
13:51 of 1st period - Snap shot by T.J. Hensick.
13:51 of 1st period - Shot Misses the Net.
14:01 of 1st period - Philip Samuelsson is hit by Zach Boychuk and loses puck.
15:51 of 1st period - Off-side.
15:52 of 1st period - Tyler Seguin wins face-off versus Rob Schremp in neutral zone.
15:59 of 1st period - Slapshot by Brent Seabrook.
15:59 of 1st period - Stopped by Ryan Miller without a rebound.
16:00 of 1st period - Jason Spezza wins face-off versus Tyler Seguin in Sharks zone.
16:00 of 1st period - Jason Spezza is hit by Ales Hemsky.
16:08 of 1st period - Snap shot by Adam Henrique.
16:08 of 1st period - Stopped by Ryan Miller without a rebound.
16:09 of 1st period - Jason Spezza wins face-off versus Tyler Seguin in Sharks zone.
16:16 of 1st period - Wrist shot by Jason Spezza.
16:16 of 1st period - Shot Blocked by Adam Henrique.
16:18 of 1st period - Snap shot by Milan Michalek.
16:18 of 1st period - Shot Misses the Net.
16:20 of 1st period - Backhand shot by Maxim Afinogenov.
16:20 of 1st period - Stopped by James Reimer with a rebound.
16:24 of 1st period - Wrist shot by Jason Spezza.
16:24 of 1st period - Shot Misses the Net.
17:36 of 1st period - Snap shot by Adam Henrique.
17:36 of 1st period - Stopped by Ryan Miller with a rebound.
17:38 of 1st period - Slapshot by Ole-Kristian Tollefsen.
17:38 of 1st period - Deflect By Nate Prosser.
17:38 of 1st period - Stopped by Ryan Miller without a rebound.
17:39 of 1st period - Tim Connolly wins face-off versus T.J. Hensick in Sharks zone.
17:52 of 1st period - Snap shot by T.J. Hensick.
17:52 of 1st period - Shot Misses the Net.
17:54 of 1st period - Snap shot by Oskar Osala.
17:54 of 1st period - Stopped by James Reimer with a rebound.
18:06 of 1st period - Icing by Ben Lovejoy.
18:07 of 1st period - Chris Kelly wins face-off versus Rob Schremp in Sharks zone.
18:09 of 1st period - Minor Penalty to Alex Picard for Holding Stick.
18:10 of 1st period - Tim Connolly wins face-off versus T.J. Hensick in Red Wings zone.
Goals for this period are 1 for Sharks vs 1 for Red Wings.
Shots for this period are 8 for Sharks vs 18 for Red Wings.
2nd period
0:01 of 2nd period - Jason Spezza wins face-off versus Tim Connolly in neutral zone.
0:09 of 2nd period - Penalty to Alex Picard is over, Alex Picard is back on ice.
0:09 of 2nd period - Wrist shot by Tim Connolly.
0:09 of 2nd period - Shot Misses the Net.
0:11 of 2nd period - Slapshot by Ole-Kristian Tollefsen.
0:11 of 2nd period - Shot Misses the Net.
0:13 of 2nd period - Wrist shot by Sean Bergenheim.
0:13 of 2nd period - Shot Blocked by Drew Doughty.
0:15 of 2nd period - Slapshot by Ole-Kristian Tollefsen.
0:15 of 2nd period - Stopped by Ryan Miller without a rebound.
0:16 of 2nd period - T.J. Hensick wins face-off versus Jiri Hudler in Sharks zone.
0:30 of 2nd period - Slapshot by Brent Seabrook.
0:30 of 2nd period - Deflect By Sean Bergenheim.
0:30 of 2nd period - Stopped by Ryan Miller without a rebound.
0:31 of 2nd period - Jason Spezza wins face-off versus Tim Connolly in Sharks zone.
1:41 of 2nd period - Wrist shot by Oleg Saprykin.
1:41 of 2nd period - Shot Blocked by Jordan LaVallee.
1:57 of 2nd period - Snap shot by Drew Doughty.
1:57 of 2nd period - Stopped by James Reimer without a rebound.
1:58 of 2nd period - Jason Spezza wins face-off versus Tim Connolly in Red Wings zone.
2:01 of 2nd period - Wrist shot by Jason Spezza.
2:01 of 2nd period - Stopped by James Reimer with a rebound.
2:03 of 2nd period - Snap shot by Maxim Afinogenov.
2:03 of 2nd period - Stopped by James Reimer without a rebound.
2:04 of 2nd period - Jason Spezza wins face-off versus Tim Connolly in Red Wings zone.
2:11 of 2nd period - Slapshot by Milan Michalek.
2:11 of 2nd period - Stopped by James Reimer with a rebound.
2:13 of 2nd period - Slapshot by Andrej Sekera.
2:13 of 2nd period - Stopped by James Reimer without a rebound.
2:14 of 2nd period - Maxim Afinogenov wins face-off versus Tim Connolly in Red Wings zone.
2:26 of 2nd period - Slapshot by Brent Seabrook.
2:26 of 2nd period - Stopped by Ryan Miller with a rebound.
2:56 of 2nd period - Snap shot by Tyler Seguin.
2:56 of 2nd period - Shot Blocked by Andrew MacDonald.
3:15 of 2nd period - Snap shot by Zach Boychuk.
3:15 of 2nd period - Shot Blocked by Alex Picard.
3:17 of 2nd period - Snap shot by Jiri Tlusty.
3:17 of 2nd period - Shot Blocked by Carson Mcmillan.
3:52 of 2nd period - Snap shot by Adam Henrique.
3:52 of 2nd period - Deflect By Ales Hemsky.
3:52 of 2nd period - Shot Blocked by Nate Prosser.
3:52 of 2nd period - Puck is out of play.
3:53 of 2nd period - T.J. Hensick wins face-off versus Tim Connolly in Sharks zone.
3:53 of 2nd period - T.J. Hensick is hit by Tim Connolly.
4:26 of 2nd period - Snap shot by Milan Michalek.
4:26 of 2nd period - Stopped by James Reimer without a rebound.
4:27 of 2nd period - Tyler Seguin wins face-off versus Milan Michalek in Red Wings zone.
4:34 of 2nd period - Jason Spezza is hit by Brent Seabrook and loses puck.
4:41 of 2nd period - Ales Hemsky is hit by Milan Michalek and loses puck.
4:42 of 2nd period - Ales Hemsky from Red Wings is injured at 4:42 of 2nd period (Abdomen/Ribs).
4:43 of 2nd period - T.J. Hensick wins face-off versus Tim Connolly in Red Wings zone.
5:19 of 2nd period - Wrist shot by Adam Henrique.
5:19 of 2nd period - Stopped by Ryan Miller with a rebound.
5:34 of 2nd period - Darren Helm is hit by Ryan O'Byrne and loses puck.
6:03 of 2nd period - Lubomir Visnovsky is hit by T.J. Hensick and loses puck.
7:28 of 2nd period - Oleg Saprykin is hit by Oskar Osala.
8:13 of 2nd period - Wrist shot by Zach Boychuk.
8:13 of 2nd period - Shot Blocked by Ryan O'Byrne.
8:15 of 2nd period - Slapshot by Drew Doughty.
8:15 of 2nd period - Deflect By Sean Bergenheim.
8:15 of 2nd period - Stopped by James Reimer with a rebound.
9:08 of 2nd period - T.J. Hensick is hit by Oleg Saprykin and loses puck.
9:21 of 2nd period - Slapshot by Oskar Osala.
9:21 of 2nd period - Stopped by James Reimer without a rebound.
9:22 of 2nd period - Tim Connolly wins face-off versus Jason Spezza in Red Wings zone.
9:37 of 2nd period - Tim Connolly is hit by Milan Michalek and loses puck.
9:46 of 2nd period - Ben Lovejoy is hit by Sean Bergenheim.
10:22 of 2nd period - Snap shot by Jordan LaVallee.
10:22 of 2nd period - Stopped by James Reimer with a rebound.
10:36 of 2nd period - Snap shot by Carson Mcmillan.
10:36 of 2nd period - Stopped by Ryan Miller with a rebound.
10:38 of 2nd period - Minor Penalty to Jason Spezza for Tripping.
10:39 of 2nd period - Alex Picard wins face-off versus Stefan Ruzicka in Sharks zone.
10:44 of 2nd period - Slapshot by Ole-Kristian Tollefsen.
10:44 of 2nd period - Goal by Ole-Kristian Tollefsen - Sharks : 1 - Red Wings : 2.
10:45 of 2nd period - Milan Michalek wins face-off versus Tim Connolly in neutral zone.
11:12 of 2nd period - Ole-Kristian Tollefsen is hit by Ben Lovejoy and loses puck.
12:07 of 2nd period - Snap shot by Adam Henrique.
12:07 of 2nd period - Deflect By Tyler Seguin.
12:07 of 2nd period - Stopped by Ryan Miller with a rebound.
12:39 of 2nd period - Backhand shot by T.J. Hensick.
12:39 of 2nd period - Shot Misses the Net.
12:49 of 2nd period - Slapshot by Drew Doughty.
12:49 of 2nd period - Deflect By T.J. Hensick.
12:49 of 2nd period - Stopped by James Reimer without a rebound.
12:50 of 2nd period - T.J. Hensick wins face-off versus Tim Connolly in Red Wings zone.
13:08 of 2nd period - Minor Penalty to Sean Bergenheim for Holding.
13:09 of 2nd period - Jason Spezza wins face-off versus Tim Connolly in Red Wings zone.
13:09 of 2nd period - Wrist shot by Drew Doughty.
13:09 of 2nd period - Shot Misses the Net.
13:11 of 2nd period - Slapshot by Maxim Afinogenov.
13:11 of 2nd period - Stopped by James Reimer without a rebound.
13:12 of 2nd period - Tim Connolly wins face-off versus Jason Spezza in Red Wings zone.
15:08 of 2nd period - Penalty to Sean Bergenheim is over, Sean Bergenheim is back on ice.
15:49 of 2nd period - Philip Samuelsson is hit by Rob Schremp and loses puck.
16:23 of 2nd period - Slapshot by Adam Larsson.
16:23 of 2nd period - Stopped by James Reimer without a rebound.
16:24 of 2nd period - Jason Spezza wins face-off versus Chris Kelly in Red Wings zone.
16:45 of 2nd period - Drew Doughty is hit by Sean Bergenheim and loses puck.
17:06 of 2nd period - Snap shot by Oskar Osala.
17:06 of 2nd period - Shot Blocked by Tyler Seguin.
17:08 of 2nd period - Wrist shot by Oskar Osala.
17:08 of 2nd period - Shot Blocked by Ole-Kristian Tollefsen.
17:10 of 2nd period - Backhand shot by Andrej Sekera.
17:10 of 2nd period - Stopped by James Reimer with a rebound.
17:41 of 2nd period - Anton Volchenkov is hit by Jason Spezza and loses puck.
18:04 of 2nd period - Slapshot by Jordan LaVallee.
18:04 of 2nd period - Shot Misses the Net.
18:34 of 2nd period - Minor Penalty to Darren Helm for Hooking.
18:35 of 2nd period - Tim Connolly wins face-off versus Jason Spezza in Sharks zone.
18:36 of 2nd period - Snap shot by Sean Bergenheim.
18:36 of 2nd period - Goal by Sean Bergenheim - Sharks : 1 - Red Wings : 3.
18:37 of 2nd period - Tim Connolly wins face-off versus Jason Spezza in neutral zone.
18:46 of 2nd period - Wrist shot by Tim Connolly.
18:46 of 2nd period - Shot Misses the Net.
18:48 of 2nd period - Slapshot by Sean Bergenheim.
18:48 of 2nd period - Deflect By Tim Connolly.
18:48 of 2nd period - Shot Misses the Net.
18:48 of 2nd period - Puck is out of play.
18:49 of 2nd period - Jason Spezza wins face-off versus Tim Connolly in Sharks zone.
Goals for this period are 0 for Sharks vs 2 for Red Wings.
Shots for this period are 13 for Sharks vs 8 for Red Wings.
3rd period
0:01 of 3rd period - Tim Connolly wins face-off versus Jason Spezza in neutral zone.
0:34 of 3rd period - Wrist shot by T.J. Hensick.
0:34 of 3rd period - Stopped by James Reimer with a rebound.
0:36 of 3rd period - Wrist shot by Oskar Osala.
0:36 of 3rd period - Stopped by James Reimer with a rebound.
0:38 of 3rd period - Snap shot by T.J. Hensick.
0:38 of 3rd period - Deflect By Oskar Osala.
0:38 of 3rd period - Shot Misses the Net.
0:38 of 3rd period - Puck is out of play.
0:39 of 3rd period - Tyler Seguin wins face-off versus Darren Helm in Red Wings zone.
1:10 of 3rd period - Wrist shot by Sean Bergenheim.
1:10 of 3rd period - Shot Blocked by Adam Larsson.
1:46 of 3rd period - Wrist shot by Stefan Ruzicka.
1:46 of 3rd period - Stopped by James Reimer without a rebound.
1:47 of 3rd period - Tim Connolly wins face-off versus Rob Schremp in Red Wings zone.
2:22 of 3rd period - Slapshot by Drew Doughty.
2:22 of 3rd period - Stopped by James Reimer without a rebound.
2:23 of 3rd period - T.J. Hensick wins face-off versus Tyler Seguin in Red Wings zone.
2:26 of 3rd period - Snap shot by T.J. Hensick.
2:26 of 3rd period - Shot Misses the Net.
2:48 of 3rd period - Snap shot by Jason Spezza.
2:48 of 3rd period - Stopped by James Reimer without a rebound.
2:49 of 3rd period - Tim Connolly wins face-off versus Jason Spezza in Red Wings zone.
3:26 of 3rd period - Wrist shot by T.J. Hensick.
3:26 of 3rd period - Shot Misses the Net.
4:38 of 3rd period - Minor Penalty to Adam Larsson for Holding Stick.
4:39 of 3rd period - Jason Spezza wins face-off versus Tim Connolly in Sharks zone.
6:35 of 3rd period - T.J. Hensick is hit by Tyler Toffoli and loses puck.
6:38 of 3rd period - Penalty to Adam Larsson is over, Adam Larsson is back on ice.
6:48 of 3rd period - Snap shot by Alex Picard.
6:48 of 3rd period - Shot Misses the Net.
7:42 of 3rd period - Jiri Tlusty is hit by Jiri Hudler and loses puck.
8:21 of 3rd period - Slapshot by Carson Mcmillan.
8:21 of 3rd period - Shot Misses the Net.
10:02 of 3rd period - Minor Penalty to Zach Boychuk for Holding.
10:03 of 3rd period - Tim Connolly wins face-off versus Jason Spezza in Sharks zone.
10:39 of 3rd period - Ryan O'Byrne is hit by Oskar Osala and loses puck.
10:52 of 3rd period - Icing by Ryan O'Byrne.
10:53 of 3rd period - Jason Spezza wins face-off versus Tyler Seguin in Red Wings zone.
11:31 of 3rd period - Icing by Ole-Kristian Tollefsen.
11:32 of 3rd period - Tim Connolly wins face-off versus Milan Michalek in Red Wings zone.
11:39 of 3rd period - Andrej Sekera is hit by Sean Bergenheim.
11:59 of 3rd period - Slapshot by Adam Henrique.
11:59 of 3rd period - Stopped by Ryan Miller without a rebound.
12:00 of 3rd period - Tyler Seguin wins face-off versus Jason Spezza in Sharks zone.
12:02 of 3rd period - Penalty to Zach Boychuk is over, Zach Boychuk is back on ice.
13:18 of 3rd period - Off-side.
13:19 of 3rd period - T.J. Hensick wins face-off versus Tyler Seguin in neutral zone.
13:53 of 3rd period - Wrist shot by Maxim Afinogenov.
13:53 of 3rd period - Stopped by James Reimer without a rebound.
13:54 of 3rd period - Tyler Seguin wins face-off versus T.J. Hensick in Red Wings zone.
14:03 of 3rd period - Slapshot by Tyler Seguin.
14:03 of 3rd period - Shot Misses the Net.
15:00 of 3rd period - Icing by Ryan O'Byrne.
15:01 of 3rd period - Tyler Toffoli wins face-off versus Jason Spezza in Red Wings zone.
15:01 of 3rd period - Tyler Toffoli is hit by Maxim Afinogenov.
15:17 of 3rd period - Snap shot by Tyler Toffoli.
15:17 of 3rd period - Stopped by Ryan Miller with a rebound.
16:13 of 3rd period - Ole-Kristian Tollefsen is hit by Rob Schremp and loses puck.
16:23 of 3rd period - Icing by Brent Seabrook.
16:24 of 3rd period - Tim Connolly wins face-off versus Jason Spezza in Red Wings zone.
16:28 of 3rd period - Minor Penalty to Jiri Hudler for High sticking.
16:29 of 3rd period - Maxim Afinogenov wins face-off versus Tim Connolly in Red Wings zone.
16:31 of 3rd period - Wrist shot by Maxim Afinogenov.
16:31 of 3rd period - Goal by Maxim Afinogenov - Sharks : 2 - Red Wings : 3.
16:32 of 3rd period - Darren Helm wins face-off versus Chris Kelly in neutral zone.
17:00 of 3rd period - Slapshot by Drew Doughty.
17:00 of 3rd period - Deflect By Jiri Tlusty.
17:00 of 3rd period - Stopped by James Reimer with a rebound.
17:02 of 3rd period - Slapshot by Drew Doughty.
17:02 of 3rd period - Shot Misses the Net.
17:04 of 3rd period - Snap shot by Zach Boychuk.
17:04 of 3rd period - Shot Misses the Net.
17:06 of 3rd period - Slapshot by Ben Lovejoy.
17:06 of 3rd period - Stopped by James Reimer with a rebound.
17:08 of 3rd period - Snap shot by Drew Doughty.
17:08 of 3rd period - Shot Misses the Net.
17:30 of 3rd period - Snap shot by Ole-Kristian Tollefsen.
17:30 of 3rd period - Stopped by Ryan Miller with a rebound.
17:42 of 3rd period - Slapshot by Darren Helm.
17:42 of 3rd period - Shot Misses the Net.
17:44 of 3rd period - Wrist shot by Zach Boychuk.
17:44 of 3rd period - Shot Misses the Net.
17:46 of 3rd period - Slapshot by Ben Lovejoy.
17:46 of 3rd period - Shot Blocked by Chris Kelly.
18:20 of 3rd period - Snap shot by Darren Helm.
18:20 of 3rd period - Shot Misses the Net.
18:22 of 3rd period - Snap shot by Zach Boychuk.
18:22 of 3rd period - Stopped by James Reimer with a rebound.
18:24 of 3rd period - Snap shot by Jiri Tlusty.
18:24 of 3rd period - Shot Blocked by Ole-Kristian Tollefsen.
18:29 of 3rd period - Minor Penalty to Chris Kelly for Hooking.
18:30 of 3rd period - Jason Spezza wins face-off versus Tim Connolly in Red Wings zone.
18:38 of 3rd period - Snap shot by Milan Michalek.
18:38 of 3rd period - Shot Misses the Net.
18:40 of 3rd period - Wrist shot by Milan Michalek.
18:40 of 3rd period - Shot Misses the Net.
18:42 of 3rd period - Snap shot by Jason Spezza.
18:42 of 3rd period - Stopped by James Reimer without a rebound.
18:43 of 3rd period - Tim Connolly wins face-off versus Jason Spezza in Red Wings zone.
18:46 of 3rd period - Sharks, Ryan Miller is pulled from the net.
Goals for this period are 1 for Sharks vs 0 for Red Wings.
Shots for this period are 11 for Sharks vs 3 for Red Wings.
Back to the Top